 Dungeon Crawl Stone Soup version 0.31.0-32-g396128a36d (webtiles) character file.

Game seed: 4357348249823333055

18608 Zonian the Skirmisher (level 12, 0/190 HPs)
             Began as a Gnoll Hunter on Mar 24, 2024.
             Was a Priest of Hepliaklqana.
             Slain by a komodo dragon (6 damage)
             ... on level 2 of the Lair of Beasts.
             The game lasted 00:38:22 (15054 turns).

Zonian the Skirmisher (Gnoll Hunter)               Turns: 15054, Time: 00:38:22

Health: 0/190      AC: 26    Str: 13    XL:     12   Next: 60%
Magic:  23/23      EV:  2    Int:  9    God:    Hepliaklqana [***...]
Gold:   754        SH:  0    Dex: 18    Spells: 20/26 levels left

rFire   x . .        e - +2 short sword (venom)
rCold   + . .        (no shield)
rNeg    . . .        N - melded +0 steam dragon scales
rPois   +            s - melded +0 helmet of the Iron City of Dis {Rampage ^Drain rPois Str+3}
rElec   .            W - melded scarf {shadows}
rCorr   .            k - melded +1 pair of gloves
SInv    +            p - melded +1 pair of boots
Will    .....        g - amulet of magic regeneration Stlth
                     L - ring of see invisible
HPRegen 0.51/turn    T - ring of ice
MPRegen 0.58/turn

%: no passive effects
@: berserking, tree-form, very quick
A: stationary, stasis, torment immunity, boosted hp, reduced essence, (fangs 1),
strong nose, distributed training
a: Renounce Religion, Recall Ancestor, Ancestor Identity, Transference


You were on level 2 of the Lair of Beasts.
You worshipped Hepliaklqana.
Hepliaklqana was most pleased with you.
You were a tree.
You visited 3 branches of the dungeon, and saw 14 of its levels.

You collected 754 gold pieces.

Inventory:

Hand Weapons
 a - a +2 shortbow
 e - a +2 short sword of venom (weapon)
 D - a +2 trident of protection
 G - a +4 spear of freezing
 I - a +0 longbow
 J - a +2 whip of venom
 O - a +0 orcbow
 Q - a +1 scimitar of flaming
 R - a +3 scimitar
 U - a +4 battleaxe
Missiles
 n - 6 datura-tipped darts
 y - a throwing net
 A - 3 curare-tipped darts
Armour
 c - a +0 leather armour
 k - a +1 pair of gloves (melded)
 p - a +1 pair of boots (melded)
 s - the +0 helmet of the Iron City of Dis (melded) {Rampage ^Drain rPois Str+3}
   (You found it on level 2 of the Lair of Beasts)

   Str+3:     It affects your strength (+3).
   rPois:     It protects you from poison ^Drain: It drains your maximum health
   when unequipped.
   Rampage:   It bestows one free step when moving towards enemies.
 u - a +0 scale mail
 x - a +0 robe of willpower
 B - a +2 cloak of preservation
 E - a +0 kite shield
 N - +0 steam dragon scales (melded)
 W - a scarf of shadows (melded)
 X - a +0 troll leather armour
Jewellery
 g - an amulet of magic regeneration (around neck)
 z - a ring of protection from fire
 F - an amulet of faith
 L - a ring of see invisible (left branch)
 T - a ring of ice (right branch)
Talismans
 K - a serpent talisman
Wands
 C - a wand of flame (40)
 S - a wand of light (2)
 V - a wand of roots (3)
Scrolls
 b - 2 scrolls of immolation
 d - 6 scrolls of amnesia
 f - a scroll of noise {unknown}
 o - 2 scrolls of torment
 M - 3 scrolls of teleportation
 P - a scroll of blinking
 Z - a scroll of identify
Potions
 h - a potion of berserk rage
 i - a potion of mutation {unknown}
 j - 4 potions of curing
 l - a potion of lignification
 m - a potion of attraction {unknown}
 r - 4 potions of heal wounds {unknown}
 t - a potion of ambrosia {unknown}
 v - 2 potions of degeneration
 w - a potion of might
 H - a potion of cancellation {unknown}
 Y - a potion of brilliance {unknown}


   Skills:
 + Level 9.1 Fighting
 + Level 7.7 Short Blades
 + Level 7.7 Long Blades
 + Level 7.7 Axes
 + Level 7.7 Maces & Flails
 + Level 7.7 Polearms
 + Level 7.7 Staves
 + Level 11.4 Ranged Weapons
 + Level 7.7 Throwing
 + Level 7.7 Armour
 + Level 9.1 Dodging
 + Level 8.1 Stealth
 + Level 7.7 Shields
 + Level 7.7 Unarmed Combat
 + Level 7.7 Spellcasting
 + Level 6.4 Conjurations
 + Level 6.4 Hexes
 + Level 6.4 Summonings
 + Level 6.4 Necromancy
 + Level 6.4 Translocations
 + Level 6.4 Fire Magic
 + Level 6.4 Ice Magic
 + Level 6.4 Air Magic
 + Level 6.4 Earth Magic
 + Level 6.4 Alchemy
 + Level 8.4 Invocations
 + Level 7.7 Evocations
 + Level 7.0 Shapeshifting


You had 20 spell levels left.
You knew the following spells:

 Your Spells              Type           Power      Damage    Failure   Level
a - Blink                 Tloc           30%        N/A       1%          2
b - Call Imp              Summ           30%        N/A       1%          2
c - Ensorcelled Hibernat  Hex/Ice        44%        N/A       1%          2

Your spell library contained the following spells:

 Spells                   Type           Power      Damage    Failure   Level
 Magic Dart               Conj           60%        1d6       1%          1
 Cigotuvi's Dreadful Rot  Necr/Alch/Air  30%        N/A       1%          2
 Lesser Beckoning         Tloc           30%        N/A       1%          2
 Sublimation of Blood     Necr           15%        N/A       1%          2
 Fugue of the Fallen      Necr           15%        N/A       4%          3
 Gell's Gravitas          Tloc           15%        N/A       4%          3
 Teleport Other           Tloc           15%        N/A       4%          3
 Anguish                  Hex/Necr       7%         N/A       13%         4
 Brom's Barrelling Bould  Conj/Erth      15%        2d4       13%         4
 Ignite Poison            Fire/Alch      15%        N/A       13%         4
 Fireball                 Conj/Fire      7%         3d5       36%         5
 Freezing Cloud           Conj/Ice/Air   11%        6-21      36%         5
 Iskenderun's Battlesphe  Conj           15%        2d7       36%         5
 Conjure Ball Lightning   Conj/Air       7%         3x3d6     90%         6
 Orb of Destruction       Conj           7%         9d6       100%        7
 Summon Hydra             Summ           7%         N/A       100%        7


Dungeon Overview and Level Annotations

Branches:
Dungeon (11/15)            Temple (1/1) D:4            Lair (2/5) D:10
  Swamp: Lair:2-3    Shoals: Lair:2-3     Snake: Lair:2-3    Spider: Lair:2-3
    Orc: D:9-12

Altars:
Ashenzari
Cheibriados
Dithmenos
Elyvilon
Fedhas
Gozag
Hepliaklqana
Kikubaaqudgha
Makhleb
Nemelex Xobeh
Okawaru
Qazlal
Ru
Sif Muna
Trog
Uskayaw
Vehumet
Wu Jian
Xom
Yredelemnul
Zin
The Shining One

Shops:
D:1 :

Annotations:
D:7 3 runed translucent doors, AbbaRin's ghost, novice DECj
Lair:1 2 transporters


Innate Abilities, Weirdness & Mutations

You are a tree.
Your roots penetrate the ground, keeping you stationary.
You cannot be teleported.
You are immune to unholy pain and torment.
Your maximum health is greatly increased.
Your equipment is partially melded.
Your life essence is reduced to manifest your ancestor. (-10% HP)
((You have very sharp teeth.))
Your uncanny sense of smell can sniff out nearby items.
Your experience applies equally to all skills.


Message History

Okay, then.
You feel better.
The bullfrog hits you but does no damage.
The komodo dragon bites the komodo dragon.
You turn into a tree.
Your scarf of shadows melds into your body.
The +0 helmet of the Iron City of Dis {Rampage ^Drain rPois Str+3} melds into your body.
Your +1 pair of gloves melds into your body.
Your +1 pair of boots melds into your body.
Your +0 steam dragon scales melds into your body.
The dungeon's light returns to normal.
Your roots penetrate the ground.
The bullfrog hits you but does no damage.
The komodo dragon bites you but does no damage. x2
The bullfrog hits you but does no damage.
You feel better.
The komodo dragon seems less confused.
The komodo dragon bites you!
* * * LOW HITPOINT WARNING * * *
The bullfrog hits you but does no damage.
The komodo dragon bites you.
* * * LOW HITPOINT WARNING * * *
You feel better.
You feel ready to blink again.
The bullfrog hits you but does no damage.
The komodo dragon bites you but does no damage. x2
The komodo dragon bites you!
* * * LOW HITPOINT WARNING * * *
The bullfrog hits you but does no damage.
Okay, then.
Your +2 short sword of venom begins to drip with poison!
e - a +2 short sword of venom (weapon)
The komodo dragon bites you but does no damage.
A red film seems to cover your vision as you go berserk!
You feel yourself moving faster!
You feel mighty!
The bullfrog snags a nearby moth with its tongue.
The bullfrog hits you but does no damage.
The komodo dragon bites you but does no damage.
The komodo dragon bites you!
* * * LOW HITPOINT WARNING * * *
The komodo dragon bites you.
You die...

#.. .. ####.F .. ∆ . #.#..#.#
####.####### ##### #..$>.###...
#.....###...# ##..##
#....###.....##..### ##...§#
....#.####......#
##.....#####.#....(##..#.R##
##..........#.lll?..##.##.#.# ##
##......l##..###♣######.##..####P
#.........# l..#F...##"..#....##.
#.....#..## ..##....[..##..#.#.P
........#l##...........####......
...........#########.###..#.....<
........[.....###................
.............l.................†.
.............D...................
.................................


You could see 3 komodo dragons and a bullfrog.

Vanquished Creatures
  A centaur warrior (D:8)
  3 two-headed ogres (D:8)
  Maurice (D:9)
  A black mamba (Lair:1)
  A cane toad (Lair:2)
  A rime drake (Lair:1)
  A torpor snail (Lair:1)
  2 kobold demonologists (D:9)
  A komodo dragon (Lair:1)
  2 trolls (D:10)
  A hornet (D:10)
  A blink frog (Lair:1)
  9 yaks
  A basilisk (Lair:1)
  A steam dragon (D:8)
  2 swamp worms (Lair:2)
  A black bear (Lair:2)
  A water moccasin (Lair:1)
  2 orc warriors
  A sky beast (D:6)
  3 ogres
  A centaur (D:9)
  2 phantoms
  A kobold brigand (D:9)
  4 bullfrogs
  5 scorpions
  6 wights
  4 killer bees (D:10)
  A hexer (Lair:2)
  4 centaur zombies (D:9)
  A crimson imp (D:4)
  2 orc priests
  A gnoll bouda (D:9)
  6 jellies
  3 hounds
  7 iguanas
  5 sleepcaps
  4 orc wizards
  A howler monkey zombie (D:9)
  9 gnolls
  6 adders
  A shadow imp (D:6)
  2 white imps
  2 dart slugs
  2 ribbon worms
  31 orcs
  9 endoplasms
  7 giant cockroaches
  5 goblins
  3 hobgoblins
  5 quokkas
  9 ball pythons
  11 bats
  2 frilled lizards
  6 kobolds
  3 rats
208 creatures vanquished.

Vanquished Creatures (collateral kills)
  A hydra (Lair:2)
  Erica (D:9)
  A two-headed ogre (D:9)
  A lindwurm (Lair:2)
  2 cane toads (Lair:1)
  2 komodo dragons
  2 trolls
  A hornet (D:8)
  A tyrant leech (Lair:2)
  A shadow (D:9)
  4 water elementals (D:10)
  11 yaks
  4 basilisks
  4 water moccasins
  A centaur (D:9)
  3 bullfrogs
  A gnoll sergeant (D:7)
  2 wights (D:10)
  4 killer bees (D:10)
  A howler monkey (D:9)
  A centaur zombie (D:9)
  A gnoll bouda (D:8)
  2 iguanas
  An adder (D:6)
  6 gnolls
  A shadow imp (D:7)
  2 orcs (D:8)
  2 kobolds (D:9)
64 creatures vanquished.

Vanquished Creatures (others)
  11 hexers
  An ancestor (D:7)
12 creatures vanquished.

Grand Total: 284 creatures vanquished

Notes
Turn   | Place    | Note
-------+----------+-------------------------------------------
     0 | D:1      | Zonian the Gnoll Hunter began the quest for the Orb.
     0 | D:1      | Reached XP level 1. HP: 20/20 MP: 1/1
    96 | D:1      | Reached XP level 2. HP: 26/26 MP: 2/2
   667 | D:1      | Reached XP level 3. HP: 27/31 MP: 3/3
   773 | D:1      | Reached skill level 1 in Invocations
   924 | D:1      | Found Uwefokos's Book Emporium.
  1132 | D:2      | Reached skill level 1 in Short Blades
  1132 | D:2      | Reached skill level 1 in Long Blades
  1132 | D:2      | Reached skill level 1 in Axes
  1132 | D:2      | Reached skill level 1 in Maces & Flails
  1132 | D:2      | Reached skill level 1 in Polearms
  1132 | D:2      | Reached skill level 1 in Staves
  1132 | D:2      | Reached skill level 1 in Throwing
  1132 | D:2      | Reached skill level 1 in Armour
  1132 | D:2      | Reached skill level 1 in Shields
  1132 | D:2      | Reached skill level 1 in Unarmed Combat
  1132 | D:2      | Reached skill level 1 in Spellcasting
  1132 | D:2      | Reached skill level 1 in Evocations
  1216 | D:2      | Reached skill level 1 in Shapeshifting
  1216 | D:2      | Reached XP level 4. HP: 38/38 MP: 5/5
  1514 | D:2      | Reached skill level 1 in Conjurations
  1514 | D:2      | Reached skill level 1 in Hexes
  1514 | D:2      | Reached skill level 1 in Summonings
  1514 | D:2      | Reached skill level 1 in Necromancy
  1514 | D:2      | Reached skill level 1 in Translocations
  1514 | D:2      | Reached skill level 1 in Fire Magic
  1514 | D:2      | Reached skill level 1 in Ice Magic
  1514 | D:2      | Reached skill level 1 in Air Magic
  1514 | D:2      | Reached skill level 1 in Earth Magic
  1514 | D:2      | Reached skill level 1 in Alchemy
  1919 | D:3      | Found a snail-covered altar of Cheibriados.
  2010 | D:3      | Noticed a scorpion
  2032 | D:3      | Killed a scorpion
  2033 | D:3      | Reached XP level 5. HP: 35/43 MP: 5/7
  2452 | D:3      | Reached XP level 6. HP: 50/50 MP: 8/8
  2663 | D:4      | Reached skill level 5 in Fighting
  2663 | D:4      | Reached skill level 5 in Dodging
  2828 | D:4      | Found a burning altar of Makhleb.
  2828 | D:4      | Found a shimmering altar of Xom.
  3205 | D:4      | Reached XP level 7. HP: 56/56 MP: 10/10
  3230 | D:4      | Found a staircase to the Ecumenical Temple.
  3242 | Temple   | Entered the Ecumenical Temple
  3310 | Temple   | Became a worshipper of Hepliaklqana the Forgotten
  3723 | D:5      | Entered Level 5 of the Dungeon
  3780 | D:5      | Reached skill level 9 in Ranged Weapons
  4713 | D:5      | Found a hide-covered altar of Uskayaw.
  4713 | D:5      | Noticed a +0 dagger
  4713 | D:5      | Noticed a +0 falchion
  4713 | D:5      | Noticed a +0 short sword
  4713 | D:5      | Noticed a +0 short sword
  4714 | D:5      | Noticed a +0 spear
  4715 | D:5      | Noticed a +0 dagger
  4716 | D:5      | Noticed a +0 spear
  4717 | D:5      | Noticed a +0 falchion
  4747 | D:5      | Reached XP level 8. HP: 63/63 MP: 12/12
  5580 | D:5      | Found an opulent altar of Gozag.
  5591 | D:5      | Found a glowing golden altar of the Shining One.
  5682 | D:5      | Reached * piety under Hepliaklqana
  6034 | D:5      | Found a shadowy altar of Dithmenos.
  6034 | D:5      | Found a bloodstained altar of Trog.
  6841 | D:6      | Found a white marble altar of Elyvilon.
  7152 | D:7      | Found a radiant altar of Vehumet.
  7176 | D:7      | Reached XP level 9. HP: 25/62 MP: 14/14
  7183 | D:7      | Reached ** piety under Hepliaklqana
  7184 | D:7      | Remembered your ancestor Agathocles as a hexer
  7370 | D:7      | Found an ancient bone altar of Kikubaaqudgha.
  7402 | D:7      | Found a runed translucent gate.
  7405 | D:7      | Found a runed translucent gate.
  7405 | D:7      | Noticed AbbaRin's ghost (novice DECj)
  7407 | D:7      | Found a runed translucent gate.
  8293 | D:8      | Reached skill level 5 in Stealth
  8470 | D:8      | Noticed a two-headed ogre
  8726 | D:8      | Noticed a two-headed ogre
  8745 | D:8      | Killed a two-headed ogre
  8746 | D:8      | Reached skill level 5 in Invocations
  8864 | D:8      | Noticed a centaur warrior
  8960 | D:8      | Noticed a hornet
  8967 | D:8      | Killed a hornet
  9016 | D:8      | Killed a two-headed ogre
  9017 | D:8      | Reached skill level 5 in Short Blades
  9017 | D:8      | Reached skill level 5 in Long Blades
  9017 | D:8      | Reached skill level 5 in Axes
  9017 | D:8      | Reached skill level 5 in Maces & Flails
  9017 | D:8      | Reached skill level 5 in Polearms
  9017 | D:8      | Reached skill level 5 in Staves
  9017 | D:8      | Reached skill level 10 in Ranged Weapons
  9017 | D:8      | Reached skill level 5 in Throwing
  9017 | D:8      | Reached skill level 5 in Armour
  9017 | D:8      | Reached skill level 5 in Shields
  9017 | D:8      | Reached skill level 5 in Unarmed Combat
  9017 | D:8      | Reached skill level 5 in Spellcasting
  9017 | D:8      | Reached skill level 5 in Evocations
  9017 | D:8      | Reached XP level 10. HP: 58/71 MP: 17/17
  9709 | D:8      | Killed a centaur warrior
  9710 | D:8      | Reached skill level 5 in Shapeshifting
 10031 | D:9      | Noticed Erica
 10194 | D:9      | Noticed a two-headed ogre
 10361 | D:8      | Killed a two-headed ogre
 10544 | D:9      | Noticed Maurice
 10554 | D:9      | Killed Maurice
 10561 | D:9      | Noticed a two-headed ogre
 10570 | D:9      | Killed a two-headed ogre
 10571 | D:9      | Reached skill level 5 in Conjurations
 10571 | D:9      | Reached skill level 5 in Hexes
 10571 | D:9      | Reached skill level 5 in Summonings
 10571 | D:9      | Reached skill level 5 in Necromancy
 10571 | D:9      | Reached skill level 5 in Translocations
 10571 | D:9      | Reached skill level 5 in Fire Magic
 10571 | D:9      | Reached skill level 5 in Ice Magic
 10571 | D:9      | Reached skill level 5 in Air Magic
 10571 | D:9      | Reached skill level 5 in Earth Magic
 10571 | D:9      | Reached skill level 5 in Alchemy
 10571 | D:9      | Reached XP level 11. HP: 73/76 MP: 18/20
 10844 | D:9      | Learned a level 2 spell: Blink
 10847 | D:9      | Learned a level 2 spell: Call Imp
 10850 | D:9      | Learned a level 2 spell: Ensorcelled Hibernation
 11060 | D:9      | Reached *** piety under Hepliaklqana
 11111 | D:9      | Killed Erica
 11230 | D:9      | Found a stormy altar of Qazlal.
 11776 | D:10     | Entered Level 10 of the Dungeon
 11890 | D:10     | Found a broken altar of Ashenzari.
 12250 | D:10     | Found an iron altar of Okawaru.
 12345 | D:10     | Reached skill level 11 in Ranged Weapons
 12359 | D:10     | Found a staircase to the Lair.
 13090 | Lair:1   | Entered Level 1 of the Lair of Beasts
 13098 | Lair:1   | Reached **** piety under Hepliaklqana
 13626 | Lair:1   | Reached XP level 12. HP: 84/84 MP: 22/22
 13828 | Lair:1   | Found a transporter.
 13830 | Lair:1   | Found a transporter.
 13831 | Lair:1   | Noticed a boulder beetle
 13831 | Lair:1   | Noticed a boulder beetle
 14800 | Lair:2   | Identified the +0 helmet of the Iron City of Dis {Rampage
                  | ^Drain rPois Str+3}
 14834 | Lair:2   | Noticed a six-headed hydra
 14977 | Lair:2   | Killed a six-headed hydra
 15054 | Lair:2   | HP: 6/190 [komodo dragon (7)]
 15054 | Lair:2   | Slain by a komodo dragon

Illustrated notes

Levels and vault maps discovered:
D:1:      mainiacjoe_arrival_reflecting_pool, layout_basic, serial_shops, shop,
          minmay_pentomino_z4
D:2:      layout_loops_cross, chequers_serial_rivers_micro_d,
          minmay_worlds_worst_comb
D:3:      kennysheep_six_static_rooms, layout_loops_ring, lemuel_round_altar,
          grunt_decor_clamped
D:4:      layout_loops_ring, grunt_temple_overflow_champion_of_chaos,
          temple_green
D:5:      layout_loops_corners, nicolae_overflow_two_pavilions,
          nicolae_uskayaw_en_pointe, amethyst_overflow_temple_binary,
          grunt_decor_one_mirror
D:6:      layout_rooms, general_overflow_altar
D:7:      layout_loops_ring, nicolae_vehumet_altar_sigil,
          mainiacjoe_overflow_tiny_flanked, biasface_ghost_orc_armoury
D:8:      layout_loops_ring, nicolae_zen_rock_garden, kennysheep_generic_room_13
D:9:      layout_loops_cross, nicolae_overflow_crystal_walls, serial_undead,
          serial_undead_c, serial_undead_a, serial_undead_f, serial_undead_e,
          grunt_decor_junction, uniq_erica, uniq_maurice
D:10:     layout_irregular_city, nicolae_ashenzari_skybound,
          kennysheep_okawaru_gauntlet, eino_curves_01, nicolae_underground_beach
D:11:     layout_long_grid, david_orc_2, trove_entry_hex_spiral,
          serial_park_tiny_pond, uniq_fannar
Temple:   nicolae_temple_ecumenical_triangle
Lair:1:   gammafunk_boulding_lane, layout_gridlike, grunt_megastairs_5
Lair:2:   beast_lair_carwin_large_3, layout_hall_layers,
          minmay_swamp_entry_worms

Skill      XL: |  1  2  3  4  5  6  7  8  9 10 11 12 |
---------------+-------------------------------------+-----
Invocations    | 1 2 3 4 5 6 7 8 |  8.4
Short Blades   | 1 2 3 5 6 7 |  7.7
Long Blades    | 1 2 3 5 6 7 |  7.7
Axes           | 1 2 3 5 6 7 |  7.7
Maces & Flails | 1 2 3 5 6 7 |  7.7
Polearms       | 1 2 3 5 6 7 |  7.7
Staves         | 1 2 3 5 6 7 |  7.7
Throwing       | 1 2 3 5 6 7 |  7.7
Armour         | 1 2 3 5 6 7 |  7.7
Shields        | 1 2 3 5 6 7 |  7.7
Unarmed Combat | 1 2 3 5 6 7 |  7.7
Spellcasting   | 1 2 3 5 6 7 |  7.7
Evocations     | 1 2 3 5 6 7 |  7.7
Shapeshifting  | 1 2 3 4 5 6 7 |  7.0
Conjurations   | 1 2 3 4 5 6 |  6.4
Hexes          | 1 2 3 4 5 6 |  6.4
Summonings     | 1 2 3 4 5 6 |  6.4
Necromancy     | 1 2 3 4 5 6 |  6.4
Translocations | 1 2 3 4 5 6 |  6.4
Fire Magic     | 1 2 3 4 5 6 |  6.4
Ice Magic      | 1 2 3 4 5 6 |  6.4
Air Magic      | 1 2 3 4 5 6 |  6.4
Earth Magic    | 1 2 3 4 5 6 |  6.4
Alchemy        | 1 2 3 4 5 6 |  6.4
Stealth        | 3 4 5 6 7 8 |  8.1
Fighting       | 5 6 7 8 9 |  9.1
Dodging        | 5 6 7 8 9 |  9.1
Ranged Weapons | 9 10 11 | 11.4

Action                     |  1- 3 |  4- 6 |  7- 9 | 10-12 || total
---------------------------+-------+-------+-------+-------++-------
  Melee: Dagger            |       |       |     1 |       ||     1
   Fire: Shortbow          |    93 |   267 |   383 |   653 ||  1396
  Throw: Dart              |       |       |     2 |       ||     2
         Throwing net      |       |       |       |     1 ||     1
   Cast: Call Imp          |       |       |       |     1 ||     1
         Blink             |       |       |       |     3 ||     3
 Invoke: Ancestor Life: He |       |       |     1 |       ||     1
         Recall Ancestor   |       |       |       |     2 ||     2
         Idealise          |       |       |       |     3 ||     3
  Evoke: Wand              |       |       |       |     4 ||     4
    Use: Scroll            |       |     9 |     7 |     6 ||    22
         Potion            |       |     1 |     1 |     7 ||     9
 Armour: Leather armour    |    17 |    42 |       |       ||    59
         Robe              |       |    26 |   106 |    31 ||   163
         Steam dragon scal |       |       |       |    57 ||    57
         Troll leather arm |       |       |       |    11 ||    11
         Skin              |       |       |       |    18 ||    18
  Dodge: Dodged            |    18 |   112 |   111 |   154 ||   395
